 Dungeon Crawl Stone Soup version 0.30-a0-989-g0d87f670db (webtiles) character file.

Game seed: 2515527163398165276

7327 jtron the Slicer (level 10, -14/83 HPs)
             Began as a Demonspawn Monk on Apr 3, 2023.
             Was an Initiate of Yredelemnul.
             Demolished by a two-headed ogre
             ... wielding a +0 giant spiked club
              (15 damage)
             ... on level 10 of the Dungeon.
             The game lasted 00:25:28 (9440 turns).

jtron the Slicer (Demonspawn Monk)                  Turns: 9440, Time: 00:25:29

Health: -14/83     AC: 10    Str: 12    XL:     10   Next: 90%
Magic:  0/26       EV: 14    Int: 12    God:    Yredelemnul [......]
Gold:   639        SH:  0    Dex: 21    Spells: 9/9 levels left

rFire   . . .      SeeInvis .    a - +7 short sword "Zogejyip" {flame, MP+9 Dex+2}
rCold   + . .      Faith    +    (no shield)
rNeg    + . .      Spirit   +    P - +2 robe {rN+}
rPois   .          Reflect  .    w - +1 helmet
rElec   .          Rampage  .    (no cloak)
rCorr   .                        t - +1 pair of gloves
Will    .....                    (no boots)
Stlth   ++                       i - amulet of faith
HPRegen 0.33/turn                h - ring of protection from cold
MPRegen 0.40/turn                (no ring)

@: no status effects
A: claws 2, magic shield, magic regeneration, sharp scales 2
a: Renounce Religion, Recall Undead Harvest


You were on level 10 of the Dungeon.
You worshipped Yredelemnul.
Yredelemnul was aware of your devotion.
You visited 1 branch of the dungeon, and saw 10 of its levels.

You collected 639 gold pieces.

Inventory:

Hand Weapons
 a - the +7 short sword "Zogejyip" (weapon) {flame, MP+9 Dex+2}
   (You found it on level 10 of the Dungeon)

   Dex:       It affects your dexterity (+2).
   MP:        It affects your magic capacity (+9).
 b - a +0 heavy shortbow
 g - a +1 short sword
 j - a +1 dagger of draining
 M - a +3 hammer
 X - a +1 rapier of speed
Missiles
 d - 111 stones
 f - 17 boomerangs
 n - 6 javelins
 B - 6 silver javelins
 H - 30 poisoned darts (quivered)
 T - a throwing net
 V - 12 silver boomerangs
Armour
 t - a +1 pair of gloves (worn)
 w - a +1 helmet (worn)
 D - the +0 leather armour of Snakes and Ladders {rPois}
   (You found it on level 4 of the Dungeon)

   rPois:     It protects you from poison.
 L - a +1 robe
 P - a +2 robe of positive energy (worn)
Magical Staves
 y - a staff of poison
 R - a staff of poison
Jewellery
 h - a ring of protection from cold (left hand)
 i - an amulet of faith (around neck)
 r - an amulet of magic regeneration
 v - an amulet of reflection
 I - a ring of fire
 S - the amulet "Teklasog" {Regen+ Int+3}
   (You found it on level 8 of the Dungeon)

   [amulet of regeneration]

   Int:       It affects your intelligence (+3).
   Regen:     It increases your rate of health regeneration.
Wands
 l - a wand of acid (6)
 s - a wand of roots (16)
 G - a wand of mindburst (6)
 N - a wand of flame (33)
 U - a wand of paralysis (1)
Scrolls
 e - 4 scrolls of teleportation
 o - 2 scrolls of amnesia
 q - 2 scrolls of fog
 u - a scroll of torment
 x - 2 scrolls of vulnerability
 E - a scroll of brand weapon
 K - a scroll of poison
 W - a scroll of enchant weapon
Potions
 c - 2 potions of ambrosia
 k - 3 potions of mutation
 m - a potion of heal wounds
 p - 2 potions of resistance {unknown}
 z - a potion of lignification {unknown}
 A - a potion of magic
 C - a potion of attraction
 F - a potion of cancellation {unknown}
 J - 2 potions of curing
 O - a potion of brilliance
Miscellaneous
 Q - a phial of floods


   Skills:
 * Level 9.3 Fighting
 + Level 10.6 Short Blades
 + Level 0.8 Ranged Weapons
 + Level 3.1 Throwing
 - Level 4.0 Dodging
 - Level 2.1 Stealth
 * Level 9.6 Invocations
 + Level 1.1 Evocations


You had 9 spell levels left.
You didn't know any spells.
Your spell library contained the following spells:

 Spells                   Type           Power      Damage    Failure   Level
 Freeze                   Ice            0%         1d3       32%         1
 Blink                    Tloc           0%         N/A       45%         2
 Lesser Beckoning         Tloc           0%         N/A       45%         2
 Momentum Strike          Conj/Tloc      0%         3d8       45%         2
 Frozen Ramparts          Ice            0%         1d1       69%         3
 Gell's Gravitas          Tloc           0%         N/A       69%         3
 Hailstorm                Conj/Ice       0%         3d3       69%         3
 Summon Guardian Golem    Hex/Summ       0%         N/A       69%         3
 Teleport Other           Tloc           0%         N/A       69%         3
 Passage of Golubria      Tloc           0%         N/A       97%         4
 Silence                  Hex/Air        0%         N/A       100%        5
 Orb of Destruction       Conj           0%         9d5       100%        7
 Spellforged Servitor     Conj/Summ      0%         N/A       100%        7
 Lehudib's Crystal Spear  Conj/Erth      0%         10d2      100%        8
 Chain Lightning          Conj/Air       0%         N/A       100%        9
 Fire Storm               Conj/Fire      0%         5d1       100%        9
 Shatter                  Erth           0%         3d5*      100%        9


Dungeon Overview and Level Annotations

Branches:
Dungeon (10/15)            Temple (0/1) D:4
   Lair: D:8-11         Orc: D:9-12

Altars:
Dithmenos
Hepliaklqana
Qazlal
Ru
Vehumet
Xom
Yredelemnul

Annotations:
D:10 Lodul


Innate Abilities, Weirdness & Mutations

You have very sharp fingernails.
When hurt, damage is shared between your health and your magic reserves.
You regenerate magic rapidly.
You are mostly covered in razor-sharp scales. (AC +2, Slay +2)


Message History

The manticore claws you.
You hit the manticore. You burn the manticore.
The manticore is lightly wounded.
The killer bee barely misses you. The centaur misses you.
The centaur barely misses you.
You barely miss the manticore.
The manticore is lightly wounded.
The killer bee barely misses you.
The two-headed ogre hits you with a +0 giant spiked club!!
* * * LOW HITPOINT WARNING * * *
The two-headed ogre hits you with a +0 giant club!
* * * LOW HITPOINT WARNING * * *
The manticore bites you but does no damage.
The manticore claws you but does no damage.
The manticore claws you.
* * * LOW HITPOINT WARNING * * *
You puncture the manticore! You burn the manticore.
The manticore is heavily wounded.
The centaur closely misses you.
The centaur kicks you but does no damage.
The killer bee closely misses you.
You puncture the manticore! You burn the manticore.
You punch the manticore, but do no damage.
The manticore is severely wounded.
The killer bee stings you but does no damage.
The centaur hits you but does no damage.
The centaur barely misses you. The manticore bites you.
* * * LOW HITPOINT WARNING * * *
The manticore claws you!
* * * LOW HITPOINT WARNING * * *
The manticore closely misses you.
You hit the manticore. You burn the manticore.
The manticore is almost dead.
The killer bee stings you.
* * * LOW HITPOINT WARNING * * *
The two-headed ogre hits you with a +0 giant spiked club.
* * * LOW HITPOINT WARNING * * *
The two-headed ogre hits you with a +0 giant club!
You die...
Your body rises from the dead as a mindless zombie.

########..# ...
#.........## .....
##..........## ...
#............##.#
#...............# .#
##............).## ..
#............O..###
#.###...........yO...#
#..###.........O@HY.Y♣
#..#
##..........cY..~~.
#.#####.........###.~~~
##..##..........## P~.~
##.....####....## P~~
##..#### ###### ##.##
#.## Z.#


You could see a two-headed ogre, a manticore, 3 yaks, 2 ogres, a centaur and a
killer bee.

Vanquished Creatures
  A two-headed ogre (D:10)
  A troll (D:9)
  A hornet (D:7)
  A wyvern (D:9)
  A shadow (D:8)
  4 wraiths (D:8)
  A fire bat (D:8)
  3 vampire mosquitoes (D:8)
  A steam dragon (D:10)
  Edmund (D:5)
  A water moccasin (D:8)
  A black bear (D:3)
  An orc warrior (D:9)
  An ice beast (D:7)
  2 sky beasts
  2 ogres
  2 centaurs
  A phantom (D:7)
  2 bullfrogs
  2 kobold brigands
  2 wights (D:8)
  A howler monkey (D:7)
  6 hounds
  Crazy Yiuf (D:6)
  4 orc priests
  2 gnoll boudas (D:9)
  3 jellies
  2 sleepcaps
  2 iguanas
  7 orc wizards
  8 gnolls
  6 adders
  3 white imps
  An ufetubus (D:5)
  5 worms
  A dart slug (D:1)
  19 orcs
  6 ball pythons
  13 bats
  7 endoplasms
  8 giant cockroaches
  8 goblins
  9 hobgoblins
  8 jackals
  4 quokkas (D:3)
  5 frilled lizards
  18 kobolds
  6 rats
195 creatures vanquished.

Vanquished Creatures (collateral kills)
  A flayed ghost (D:8)
  A troll (D:9)
  2 wyverns (D:9)
  A vampire mosquito (D:8)
  An orc warrior (D:9)
  A black bear (D:7)
  An ice beast (D:4)
  A centaur (D:9)
  A phantom (D:7)
  2 bullfrogs (D:8)
  2 scorpions
  A gnoll sergeant (D:9)
  A wight (D:8)
  A howler monkey (D:7)
  A centaur zombie (D:9)
  3 jellies
  3 orc priests
  2 orc wizards
  6 gnolls (D:9)
  An adder (D:2)
  A dart slug (D:3)
  5 orcs
  A giant cockroach (D:6)
  2 hobgoblins
  2 jackals (D:3)
  3 kobolds
  3 ball pythons
  2 bats
52 creatures vanquished.

Vanquished Creatures (others)
  A two-headed ogre zombie (D:10)
  A fire bat zombie (D:8)
  2 vampire mosquito zombies (D:8)
  A troll zombie (D:9)
  An ogre zombie (D:10)
  A hound zombie (D:5)
  A howler monkey zombie (D:7)
  A human zombie (D:5)
  A spectral gnoll (D:5)
  An adder zombie (D:5)
  4 bat zombies (D:8)
  An endoplasm zombie (D:4)
  A frilled lizard zombie (D:3)
  A giant cockroach zombie (D:6)
  4 goblin zombies
  A hobgoblin zombie (D:4)
  A jackal zombie (D:5)
  9 kobold zombies
  5 orc zombies
  A rat zombie (D:6)
  A spectral ufetubus (D:5)
  A fungus (D:6)
41 creatures vanquished.

Grand Total: 288 creatures vanquished

Notes
Turn   | Place    | Note
-------+----------+-------------------------------------------
     0 | D:1      | jtron the Demonspawn Monk began the quest for the Orb.
     0 | D:1      | Reached XP level 1. HP: 18/18 MP: 1/1
   175 | D:1      | Gained mutation: You regenerate magic rapidly. [demonic
                  | ancestry]
   175 | D:1      | Reached XP level 2. HP: 15/24 MP: 2/2
   407 | D:1      | Found a faded altar of an unknown god.
   426 | D:1      | Reached skill level 3 in Short Blades
   440 | D:1      | Prayed at the altar of an unknown god.
   440 | D:1      | Became a worshipper of Yredelemnul the Dark
   440 | D:1      | Reached * piety under Yredelemnul
   440 | D:1      | Reached ** piety under Yredelemnul
  1184 | D:2      | Gained mutation: You are partially covered in razor-sharp
                  | scales. (AC +1, Slay +1) [demonic ancestry]
  1184 | D:2      | Reached XP level 3. HP: 29/29 MP: 3/3
  1506 | D:2      | Reached *** piety under Yredelemnul
  1683 | D:2      | Reached XP level 4. HP: 34/35 MP: 4/4
  2326 | D:3      | Reached skill level 1 in Invocations
  2941 | D:4      | Noticed a black bear
  2950 | D:3      | Killed a black bear
  2951 | D:3      | Reached skill level 4 in Short Blades
  2951 | D:3      | Reached XP level 5. HP: 36/42 MP: 2/6
  3076 | D:4      | Gained mutation: You are mostly covered in razor-sharp
                  | scales. (AC +2, Slay +2) [demonic ancestry]
  3076 | D:4      | Reached XP level 6. HP: 37/48 MP: 6/8
  3086 | D:4      | Noticed an ice beast
  3102 | D:4      | Killed an ice beast
  3103 | D:4      | Reached skill level 5 in Short Blades
  3117 | D:4      | Identified the +0 leather armour of Snakes and Ladders
                  | {rPois}
  3295 | D:4      | Found a staircase to the Ecumenical Temple.
  3311 | D:4      | Gained mutation: When hurt, damage is shared between your
                  | health and your magic reserves. [demonic ancestry]
  3311 | D:4      | Reached XP level 7. HP: 34/54 MP: 9/9
  3662 | D:5      | Entered Level 5 of the Dungeon
  3810 | D:5      | Noticed Edmund
  3831 | D:5      | Killed Edmund
  3918 | D:5      | Your ally Edmund died
  4068 | D:5      | Reached skill level 1 in Throwing
  4215 | D:5      | Reached skill level 6 in Short Blades
  4364 | D:5      | Reached skill level 5 in Invocations
  4364 | D:5      | Reached XP level 8. HP: 45/61 MP: 7/11
  4499 | D:5      | Reached **** piety under Yredelemnul
  4578 | D:5      | Found a shimmering altar of Xom.
  4874 | D:6      | Reached skill level 5 in Fighting
  5002 | D:6      | Found a radiant altar of Vehumet.
  5209 | D:6      | Reached skill level 7 in Short Blades
  5439 | D:6      | Found a runed translucent door.
  5440 | D:6      | Noticed Crazy Yiuf
  5450 | D:6      | Killed Crazy Yiuf
  5921 | D:7      | Noticed a hornet
  5926 | D:7      | Killed a hornet
  5948 | D:7      | Gained mutation: You have sharp fingernails. [demonic
                  | ancestry]
  5948 | D:7      | Reached XP level 9. HP: 50/69 MP: 9/13
  6155 | D:7      | Reached skill level 8 in Short Blades
  6795 | D:8      | Reached skill level 1 in Evocations
  7357 | D:8      | Found a runed translucent door.
  7377 | D:8      | Reached skill level 9 in Short Blades
  7424 | D:8      | Noticed a flayed ghost
  7426 | D:8      | Found a hazy altar of Hepliaklqana.
  7502 | D:8      | Found a shimmering altar of Xom.
  7514 | D:8      | Found a stormy altar of Qazlal.
  7551 | D:8      | Gained mutation: You have very sharp fingernails. [demonic
                  | ancestry]
  7551 | D:8      | Reached XP level 10. HP: 77/79 MP: 16/16
  7683 | D:8      | Found a sacrificial altar of Ru.
  7730 | D:8      | Found a shadowy altar of Dithmenos.
  7742 | D:8      | Reached ***** piety under Yredelemnul
  8110 | D:8      | Killed a flayed ghost
  8120 | D:8      | Identified the amulet "Teklasog" {Regen+ Int+3}
  8504 | D:9      | Reached skill level 10 in Short Blades
  8534 | D:9      | Found a stormy altar of Qazlal.
  8647 | D:9      | Paralysed by a gnoll sergeant for 4 turns
  9203 | D:10     | Entered Level 10 of the Dungeon
  9371 | D:10     | Identified the +7 short sword "Zogejyip" {flame, MP+9
                  | Dex+2}
  9411 | D:10     | Noticed a two-headed ogre
  9414 | D:10     | Noticed Lodul
  9419 | D:10     | Noticed a manticore
  9419 | D:10     | Noticed a two-headed ogre
  9427 | D:10     | Killed a two-headed ogre
  9439 | D:10     | HP: 4/83 [manticore (7)]
  9440 | D:10     | HP: 1/83 [two-headed ogre/+0 giant spiked club (1)]
  9440 | D:10     | Demolished by a two-headed ogre

Illustrated notes

Levels and vault maps discovered:
D:1:      dpeg_arrival_prison, layout_loops_corners,
          nicolae_ecumenical_snake_handling
D:2:      layout_loops_ring
D:3:      minmay_recursive_quarters, layout_loops_ring, minmay_puff
D:4:      layout_rooms, tso_altar, minmay_temple_entry_proselytizer
D:5:      layout_basic, mainiacjoe_overflow_tiny_flanked, uniq_edmund
D:6:      layout_loops_ring, lemuel_crystal_altar, gup_sewer_entry_bubbles,
          uniq_crazy_yiuf_cottage
D:7:      layout_cave_pools
D:8:      due_megacathedral, layout_loops_ring
D:9:      nicolae_cairo_tiling_very_big, layout_basic, amcnicky_altar_gilded,
          minmay_misc_feat_columns, minmay_unpleasant_kobolds
D:10:     layout_cave_pods, chequers_serial_rivers_micro_c,
          mrwooster_statue_mirror, serial_bayou_pond_b,
          david_defended_altar_orc, uniq_lodul

Skill      XL: |  1  2  3  4  5  6  7  8  9 10 |
---------------+-------------------------------+-----
Short Blades   | 3 4 5 6 7 9 10 | 10.6
Dodging        | 3 4 |  4.0
Stealth        | 2 |  2.1
Invocations    | 2 3 5 6 8 9 |  9.6
Fighting       | 4 6 7 9 |  9.3
Throwing       | 1 2 3 |  3.1
Evocations     | 1 |  1.1
Ranged Weapons | |  0.8

Action                     |  1- 3 |  4- 6 |  7- 9 | 10-12 || total
---------------------------+-------+-------+-------+-------++-------
  Melee: Short sword       |   181 |    22 |       |    21 ||   224
         Punch             |     2 |     2 |     7 |     3 ||    14
         Dagger            |       |   127 |    78 |       ||   205
         Rapier            |       |       |   332 |   154 ||   486
   Fire: Shortbow          |       |       |     2 |       ||     2
  Throw: Stone             |     2 |       |       |       ||     2
         Boomerang         |       |     3 |       |       ||     3
         Javelin           |       |     3 |       |       ||     3
         Dart              |       |       |    17 |       ||    17
 Invoke: Recall Undead Har |     1 |     1 |     1 |     2 ||     5
         Dark Bargain      |       |     3 |     2 |     6 ||    11
  Evoke: Wand              |       |     1 |     5 |     3 ||     9
    Use: Scroll            |       |     5 |    14 |     2 ||    21
         Potion            |       |     2 |     5 |     1 ||     8
   Stab: Sleeping          |     7 |     3 |     4 |       ||    14
         Distracted        |     1 |     2 |     3 |     7 ||    13
 Armour: Robe              |    25 |    28 |    88 |    55 ||   196
  Dodge: Dodged            |   122 |    91 |   184 |   127 ||   524

Table legend: (Time is in decaauts)
 A = Elapsed time spent in this place.
 B = Non-inter-level travel time spent in this place.
 C = Inter-level travel time spent in this place.
 D = Time resting spent in this place.
 E = Time spent auto-exploring this place.
 F = Levels seen in this place.
 G = Mean time per level.
                   A        B        C        D        E       F      G
               +--------+--------+--------+--------+--------+-----+--------+
         Total |   9162 |   8818 |    344 |    335 |   6687 |  10 |  916.2 |
       Dungeon |   9162 |   8818 |    344 |    335 |   6687 |  10 |  916.2 |
               +--------+--------+--------+--------+--------+-----+--------+

Top non-repeatable levels by time:
     D:8: 1463 daAuts
     D:1: 1165 daAuts
     D:6: 1162 daAuts
     D:3: 1068 daAuts
     D:5: 1042 daAuts
     D:9: 999 daAuts
     D:2: 686 daAuts
     D:4: 686 daAuts
     D:7: 669 daAuts
    D:10: 217 daAuts
